Map: Acropolis LE

Players

Probe - Winner!

  • Race: Protoss Protoss
  • Spawn Location: 5:00

Future

  • Race: Terran Terran
  • Spawn Location: 11:00

VOD

Have the link to the VOD?

Description

Time

  • Played on: Sept. 6, 2019, 8:38 p.m.
  • Length: 20:00
Show
View Real Time Build Order
Export as new Build Order

Probe Protoss - Winner!

Build Orders: 1 Gate Expand, Blink Stalkers 

Get SALT Encoding   

  12  0:00  Probe  
  13  0:12  Probe  
  14  0:17  Pylon  
  14  0:23  Probe  
  15  0:31  Probe  
  16  0:39  Gateway, Probe  
  16  0:48  Assimilator  
  17  0:51  Probe  
  18  1:03  Probe  
  19  1:15  Probe  
  20  1:23  Nexus  
  20  1:31  Cybernetics Core  
  20  1:35  Probe  
  21  1:40  Assimilator  
  21  1:47  Probe  
  21  1:50  Pylon  
  22  1:58  Adept  
  22  1:59  Probe  
  23  2:07  Probe  
  23  2:08  Warp Gate  
  23  2:15  Probe  
  27  2:28  Stalker  
  29  2:30  Probe  
  29  2:32  Probe  
  29  2:35  Twilight Council  
  31  2:40  Probe  
  31  2:42  Probe  
  32  2:51  Probe  
  33  2:54  Probe  
  35  2:58  Stalker  
  35  2:59  Blink  
  35  3:03  Probe  
  38  3:06  Probe  
  39  3:14  Gateway x2  
  39  3:21  Probe  
  39  3:23  Probe  
  41  3:29  Pylon  
  41  3:33  Probe  
  42  3:35  Probe  
  43  3:45  Probe  
  43  3:46  Robotics Facility  
  43  3:47  Probe  
  43  3:48  Pylon  
  44  3:58  Probe  
  44  3:59  Stalker  
  44  4:00  Probe  
  48  4:03  Pylon  
  48  4:07  Assimilator  
  48  4:09  Stalker  
  50  4:10  Probe  
  50  4:12  Probe  
  50  4:13  Stalker  
  48  4:31  Observer, Stalker  
  48  4:34  Stalker  
  48  4:35  Probe  
  48  4:36  Stalker  
  52  4:39  Probe  
  52  4:43  Probe  
  53  4:51  Probe x2  
  55  5:03  Probe  
  55  5:04  Probe  
  57  5:13  Probe  
  55  5:16  Nexus  
  55  5:17  Probe  
  55  5:18  Observer  
  55  5:21  Probe  
  58  5:26  Forge  
  59  5:29  Forge, Probe x2  
  59  5:34  Sentry  
  63  5:39  Observer  
  63  5:41  Probe  
  64  5:45  Pylon  
  64  5:46  Probe  
  64  5:47  Charge  
  65  5:50  Gateway  
  65  5:53  Gateway, Probe  
  65  5:54  Gateway  
  65  5:55  Protoss Ground Armor Level 1  
  66  6:06  Protoss Ground Weapons Level 1  
  66  6:15  Gateway x2  
  66  6:16  Probe x2  
  68  6:23  Immortal  
  70  6:28  Probe  
  70  6:31  Zealot  
  73  6:37  Zealot x2  
  77  6:40  Pylon  
  77  6:48  Zealot x2, Sentry  
  83  6:56  Zealot  
  85  7:11  Zealot x5  
  95  7:20  Pylon  
  95  7:22  Pylon  
  95  7:24  Pylon  
  95  7:25  Zealot  
  95  7:26  Zealot x2  
  101  7:33  Pylon  
  101  7:39  Zealot x4  
  101  7:42  Probe x2  
  111  7:50  Probe  
  112  7:54  Probe  
  112  7:56  Zealot x4  
  121  8:01  Pylon  
  121  8:03  Pylon  
  117  8:10  Zealot x4  
  81  8:26  Zealot  
  81  8:27  Zealot x3  
  78  8:31  Sentry  
  78  8:32  Sentry x3  
  84  8:35  Probe  
  84  8:36  Probe  
  84  8:39  Shield Battery  
  84  8:40  Immortal  
  84  8:41  Zealot x2  
  82  8:52  Stalker x3  
  79  8:55  Zealot x2  
  79  8:56  Zealot  
  83  9:05  Stalker x2  
  85  9:12  Shield Battery x2  
  85  9:14  Zealot  
  85  9:18  Sentry x2  
  85  9:19  Zealot x3  
  85  9:23  Observer  
  80  9:31  Protoss Ground Armor Level 2  
  80  9:32  Stalker x2  
  80  9:37  Probe x3  
  87  9:42  Robotics Bay  
  87  9:47  Zealot  
  87  9:48  Zealot x4  
  94  9:59  Zealot x3  
  97  10:09  Stalker x4  
  97  10:13  Stalker  
  107  10:21  Zealot x3  
  97  10:29  Disruptor  
  97  10:34  Pylon, Zealot x2  
  102  10:38  Zealot  
  92  10:44  Probe  
  92  10:45  Observer  
  92  10:47  Pylon  
  92  10:49  Pylon  
  93  10:58  Stalker x3  
  93  11:00  Colossus  
  93  11:02  Pylon  
  95  11:06  Nexus  
  95  11:13  Assimilator  
  95  11:14  Assimilator  
  95  11:15  Pylon  
  101  11:21  Zealot x3  
  107  11:30  Stalker  
  107  11:31  Stalker x2  
  111  11:48  Zealot x5  
  119  11:55  Colossus  
  123  12:05  Stalker  
  123  12:06  Stalker x2  
  129  12:09  Protoss Ground Armor Level 3  
  129  12:17  Stalker x2  
  129  12:18  Stalker  
  135  12:27  Nexus  
  133  12:33  Zealot  
  133  12:34  Zealot x4  
  143  12:42  Zealot x3  
  147  12:56  Disruptor  
  132  13:03  Zealot x3  
  110  13:05  Zealot  
  110  13:06  Zealot x3  
  110  13:07  Protoss Ground Weapons Level 2  
  109  13:17  Pylon, Zealot  
  87  13:27  Sentry  
  87  13:28  Zealot x5, Sentry  
  87  13:30  Disruptor  
  100  13:36  Pylon  
  98  13:46  Probe x2  
  98  13:47  Observer  
  100  13:51  Sentry  
  100  13:52  Zealot x3, Sentry  
  110  13:57  Zealot  
  110  13:58  Disruptor  
  115  14:17  Probe x3, Robotics Facility  
  115  14:18  Probe  
  115  14:21  Stalker  
  115  14:22  Stalker x3  
  115  14:24  Stalker  
  129  14:27  Stalker  
  129  14:29  Observer  
  129  14:34  Disruptor  
  130  14:47  Observer, Probe x3  
  130  14:51  Stalker  
  130  14:52  Probe, Stalker x5  
  146  14:55  Disruptor  
  146  15:03  Colossus  
  149  15:15  Stalker x4  
  157  15:22  Nexus, Assimilator  
  157  15:23  Assimilator  
  157  15:29  Protoss Shields Level 1  
  155  15:36  Zealot x4  
  155  15:41  Zealot x3  
  169  15:48  Disruptor  
  172  15:54  Zealot  
  172  16:00  Zealot  
  172  16:01  Stalker x3  
  172  16:02  Disruptor, Stalker  
  179  16:11  Zealot x2  
  179  16:14  Disruptor  
  174  16:26  Zealot  
  174  16:27  Zealot x5  
  184  16:43  Zealot  
  186  16:47  Probe x3  
  186  16:53  Stalker  
  186  16:54  Stalker x4  
  199  17:01  Dark Shrine  
  199  17:13  Pylon  
  195  17:19  Zealot x3  
  199  17:25  Assimilator  
  199  17:26  Assimilator  
  197  17:34  Disruptor  
  184  17:59  Stalker x6  
  184  18:03  Disruptor  
  182  18:17  Dark Templar x2  
  170  18:21  Disruptor  
  170  18:23  Zealot  
  170  18:24  Zealot x5  
  178  18:49  Stalker x6  
  188  19:13  Stargate, Disruptor x2  
  188  19:15  Pylon  
  189  19:17  Zealot x5  
  189  19:18  Zealot  
  191  19:29  Nexus  
  175  19:45  Zealot x8  
Show
View Real Time Build Order
Export as new Build Order

Future Terran 

Build Orders: Liberator Opening 

Get SALT Encoding   

  12  0:00  SCV  
  13  0:12  SCV  
  14  0:17  Supply Depot  
  14  0:24  SCV  
  15  0:39  SCV  
  15  0:40  Barracks  
  16  0:43  Refinery  
  16  0:51  SCV  
  17  1:03  SCV  
  18  1:15  SCV  
  19  1:27  Marine  
  19  1:28  Orbital Command  
  20  1:42  Command Center  
  20  1:53  SCV  
  21  1:56  Factory  
  21  2:03  Barracks Reactor  
  21  2:05  SCV  
  22  2:10  Supply Depot  
  22  2:16  Refinery  
  22  2:17  SCV  
  23  2:31  SCV  
  24  2:43  Starport  
  24  2:45  SCV  
  24  2:48  Hellion x2  
  29  2:57  Orbital Command  
  30  2:58  Reaper  
  30  3:00  SCV  
  30  3:04  Liberator  
  31  3:09  Hellion  
  31  3:11  Hellion  
  34  3:13  SCV  
  38  3:31  Hellion  
  38  3:32  Hellion  
  42  3:36  Supply Depot  
  42  3:38  SCV  
  42  3:39  SCV  
  44  3:50  SCV  
  44  3:51  SCV  
  46  3:57  Marine x2  
  46  3:59  Factory Tech Lab  
  46  4:00  Supply Depot  
  48  4:04  Supply Depot, SCV x2  
  50  4:11  Starport Tech Lab  
  50  4:15  Marine x2  
  50  4:16  SCV x2  
  51  4:28  SCV  
  51  4:30  SCV  
  47  4:33  Marine  
  47  4:34  Raven, Siege Tank  
  51  4:38  Marine  
  51  4:40  Bunker, SCV  
  51  4:42  SCV  
  52  4:51  Barracks, Marine  
  52  4:52  Barracks, SCV  
  54  4:54  SCV  
  54  4:56  Marine  
  56  5:01  Refinery  
  56  5:02  Engineering Bay  
  56  5:03  Refinery  
  56  5:04  SCV  
  56  5:06  SCV  
  58  5:07  Siege Tank  
  59  5:17  Marine x2, SCV  
  59  5:20  SCV  
  63  5:25  Supply Depot, Starport Reactor  
  63  5:29  SCV, Terran Infantry Weapons Level 1  
  63  5:32  SCV  
  65  5:36  Marine  
  65  5:37  Marine  
  65  5:41  SCV  
  68  5:51  Marauder x2, SCV  
  68  5:53  SCV  
  68  5:54  Combat Shield, Stimpack  
  73  5:58  Supply Depot  
  73  5:59  Supply Depot  
  73  6:03  SCV  
  74  6:04  Factory Reactor  
  74  6:05  Marine, SCV  
  74  6:06  Marine  
  77  6:11  Supply Depot  
  77  6:19  Medivac x2  
  77  6:20  Marauder x2  
  77  6:23  Marine x2  
  85  6:37  Command Center  
  85  6:38  Supply Depot x2  
  85  6:41  Marauder x2, Marine x2  
  85  6:43  Widow Mine x2  
  95  6:49  Medivac x2, SCV  
  95  6:50  SCV  
  101  7:01  Supply Depot, SCV  
  101  7:02  SCV  
  101  7:04  Supply Depot  
  101  7:08  Widow Mine x2  
  106  7:10  Marauder  
  106  7:11  Marauder  
  106  7:12  Marine  
  106  7:13  Concussive Shells, Marine  
  106  7:14  Liberator, SCV  
  113  7:17  SCV  
  113  7:19  Liberator  
  114  7:23  Supply Depot  
  114  7:25  Terran Infantry Armor Level 1  
  114  7:27  SCV  
  115  7:30  Supply Depot  
  123  7:48  Marauder, Barracks  
  123  7:49  Barracks  
  123  7:51  Marauder  
  125  7:53  Marine x2  
  127  8:03  Widow Mine x2  
  131  8:12  Marauder x2, Marine x2  
  71  8:20  Medivac x2  
  105  8:29  Widow Mine x2  
  105  8:30  Marine x2  
  105  8:32  Orbital Command, SCV x2  
  105  8:33  Marauder  
  105  8:34  Marauder  
  117  8:42  Refinery x2, Armory  
  117  8:43  Engineering Bay  
  117  8:47  Barracks Tech Lab, Barracks Reactor  
  117  8:48  SCV  
  114  8:52  Marine  
  114  8:54  SCV  
  114  8:55  Marauder x2  
  114  8:56  Widow Mine  
  111  9:02  Medivac  
  111  9:03  Medivac  
  111  9:05  SCV  
  111  9:06  SCV  
  111  9:07  Marauder  
  111  9:08  Marine  
  120  9:16  SCV  
  118  9:17  Marauder, SCV  
  118  9:18  Marauder, Marine  
  118  9:23  Widow Mine x2  
  124  9:25  Marine  
  124  9:30  Marauder  
  115  9:33  Marine  
  112  9:38  Marauder, Terran Infantry Weapons Level 2  
  112  9:39  Marauder  
  114  9:46  Liberator  
  114  9:49  Terran Infantry Armor Level 2  
  114  9:50  Liberator, Marine x3  
  114  9:52  Widow Mine, Marauder  
  121  9:54  Widow Mine  
  121  9:56  Marine  
  126  10:00  Marauder x2  
  131  10:11  Marine x2  
  131  10:13  Marauder  
  138  10:17  Marine x2  
  138  10:19  Widow Mine x2  
  144  10:21  Marauder  
  144  10:22  Marauder  
  140  10:29  Liberator, Marine  
  140  10:33  Liberator  
  138  10:37  Marauder, Marine x2  
  133  10:42  Marauder  
  133  10:49  Ghost Academy  
  128  10:50  Marauder, Marine  
  128  10:55  Marine  
  128  10:56  Marine x2  
  136  11:00  SCV x2  
  136  11:03  SCV  
  138  11:04  Command Center  
  138  11:07  Widow Mine  
  140  11:17  Marauder x3, Marine x3  
  149  11:19  Marine  
  150  11:28  Widow Mine, Missile Turret  
  150  11:30  Widow Mine  
  151  11:34  Missile Turret  
  151  11:37  Liberator x2  
  151  11:40  Ghost x2  
  151  11:42  Ghost  
  151  11:43  Marine  
  151  11:46  Marine  
  157  12:06  SCV x2  
  157  12:07  SCV  
  157  12:14  Marauder x3, Marine x4  
  164  12:18  Planetary Fortress  
  164  12:21  SCV x2  
  164  12:22  SCV  
  167  12:35  Terran Infantry Armor Level 3  
  167  12:37  Medivac x2  
  167  12:41  SCV x3  
  174  12:47  Marauder x3  
  174  12:48  Marine x2  
  138  13:08  Marauder  
  138  13:10  SCV x2  
  138  13:12  Marauder, Refinery x2  
  146  13:13  Marauder  
  146  13:14  Medivac  
  146  13:15  Widow Mine x2, Medivac  
  108  13:30  Marauder  
  108  13:33  Starport x2  
  108  13:34  Marauder, SCV x2  
  101  13:35  Fusion Core  
  101  13:39  Marauder  
  98  13:43  Marine x4  
  98  13:44  Medivac x2  
  106  13:51  Marauder  
  106  13:52  Sensor Tower  
  106  13:55  Marauder, Barracks  
  110  13:56  Barracks  
  110  13:58  Barracks  
  110  14:00  Marauder, Marine  
  110  14:01  Marine  
  114  14:08  Marine x2  
  116  14:10  Viking  
  116  14:12  Marauder, Viking  
  116  14:16  Marauder  
  124  14:18  Marine x2  
  124  14:21  Enhanced Shockwaves  
  124  14:22  Marauder  
  128  14:25  Medivac x2  
  128  14:26  Marine x2  
  132  14:34  Marauder  
  134  14:39  Marine x2  
  134  14:41  Terran Ship Weapons Level 1  
  138  14:52  Viking x2  
  140  14:53  Viking  
  140  14:55  Barracks Tech Lab x3, Ghost, Viking x2  
  140  14:56  Ghost x2  
  140  14:58  Orbital Command  
  150  15:04  Marine x2  
  150  15:05  Marine  
  153  15:10  Sensor Tower  
  153  15:12  Sensor Tower  
  153  15:14  Ghost  
  153  15:17  Ghost  
  157  15:26  Missile Turret  
  160  15:30  Starport Tech Lab  
  160  15:32  Liberator  
  160  15:33  Liberator x2  
  160  15:41  Marauder x2  
  168  15:43  Marauder  
  168  15:49  Liberator  
  161  15:51  Advanced Ballistics  
  161  15:54  Liberator  
  171  16:15  Marauder x2  
  171  16:16  Marauder  
  171  16:17  Marine x2  
  171  16:18  Refinery x2, Marine  
  179  16:19  Marine  
  179  16:22  Liberator x2  
  180  16:26  Liberator, Command Center  
  180  16:27  Command Center  
  180  16:30  Supply Depot  
  180  16:31  Supply Depot  
  180  16:32  Supply Depot  
  187  16:48  SCV  
  187  16:51  SCV x3  
  191  16:59  Liberator  
  191  17:00  Liberator  
  179  17:19  Marauder x4  
  191  17:31  Liberator x2  
  191  17:35  Terran Ship Weapons Level 2  
  180  17:58  Marauder x2, Liberator x3  
  160  18:01  Marauder x2  
  154  18:08  Marauder, SCV  
  154  18:09  Marauder, SCV  
  154  18:10  SCV x2  
  142  18:16  Marine x2  
  142  18:17  Orbital Command  
  142  18:18  Orbital Command  
  142  18:19  Marauder x2  
  145  18:21  SCV x2  
  145  18:22  SCV x2  
  145  18:23  Marauder x2  
  153  18:30  Marauder  
  153  18:33  SCV x2  
  157  18:34  SCV x2  
  157  18:38  Marauder, Marine x2  
  163  18:41  Marine  
  163  18:42  Marine  
  163  18:45  SCV  
  164  18:56  Missile Turret  
  164  18:58  Missile Turret x2  
  164  19:08  Marauder x6  
  164  19:09  Marine  
  174  19:10  Marine  
  173  19:21  SCV x4  
  172  19:27  Sensor Tower  
  172  19:29  Marauder  
  172  19:30  Marauder  
Tags
 
Add a new tag
Caveats
  • Supply blocks, unpowered buildings, or Contaminate may cause inaccurate times.
  • Supply counts are checked every 10 seconds.